[Event "FIDE WSTC Open 50 2025"]
[Site "Prague"]
[Date "2025.02.25"]
[Round "8.14"]
[White "Svenn, Gosta"]
[Black "Seul, Georg"]
[Result "1/2-1/2"]
[Annotator "TA"]
[ECO "A45"]
[WhiteElo "2290"]
[BlackElo "2329"]
[PlyCount "79"]
[EventDate "2025.02.17"]
[EventType "team-tourn"]
[EventCountry "CZE"]
[SourceTitle "playchess.com"]
[Source "ChessBase"]
[SourceQuality "1"]
[TimeControl "40/5400+30:1800+30"]

1. d4 Nf6 2. Nc3 d5 3. Bf4 c5 4. e3 cxd4 5. exd4 a6 6. Nf3 {[%emt 0:12:49] B13: Caro-Kann: Exchange Variation and Panov-Botvinnik Attack.} Nc6 7. Ne5 h5 8. Nxc6 bxc6 9. Bd3 g6 $146 (9... Qb6 10. Ne2 g6 11. O-O Bg7 12. b3 O-O 13. Be5 c5 14. c3 cxd4 15. Nxd4 Ng4 16. Bxg7 Kxg7 {½-½ Rook,D (2398)-Szczepanski,Z (2398) ST-2022-0-00223}) 10. O-O Bg7 11. Re1 O-O 12. Qd2 a5 13. Na4 Ba6 14. Bxa6 Rxa6 15. Nc5 Ra7 16. Bg5 Re8 17. a4 Nd7 18. Nb3 Nf6 19. Nc5 {[%emt 0:02:54] Repels Ne4} Nd7 20. Qc3 Nxc5 21. Qxc5 Rb7 22. b3 Qc7 23. Rad1 e6 24. Qc3 Rc8 (24... c5 $5 25. Qxc5 Qxc5 26. dxc5 Rc8 $17) 25. Qf3 $1 Rb4 26. Bf6 (26. Be3 $11) 26... c5 27. Bxg7 Kxg7 28. dxc5 Qxc5 29. Re2 Qc3 30. Qxc3+ Rxc3 $15 {[%emt 0:00:03][%mdl 4096] Endgame KRR-KRR} 31. Kf1 Rb7 32. Ke1 Rbc7 33. Rdd2 Kf6 34. Kd1 R7c5 (34... Kf5 $15 35. Rd4 R7c5) 35. f4 (35. Re3 $1 $11 {was the only way to keep the balance.}) 35... h4 36. Rd4 Kf5 37. Re5+ Kf6 38. Re2 Kf5 39. Re5+ Kf6 40. Re2 $1 {[%emt 0:00:18] Weighted Error Value: White=0.10 (very precise) /Black=0.11 (very precise)   Mistake:       	White=2     	Black=1      Inaccurate:     	White=1     	Black=2      OK:         	White=15    	Black=14     Best:        	White=2     	Black=2      Strong:       	White=2     	---} 1/2-1/2

[Event "FIDE WSTC Open 50 2025"]
[Site "Prague"]
[Date "2025.02.25"]
[Round "8.15"]
[White "Schulz, Klaus-Juergen"]
[Black "Jaderberg, Bjorn"]
[Result "1-0"]
[Annotator "TA"]
[ECO "A96"]
[WhiteElo "2345"]
[BlackElo "2134"]
[PlyCount "141"]
[EventDate "2025.02.17"]
[EventType "team-tourn"]
[EventCountry "CZE"]
[SourceTitle "playchess.com"]
[Source "ChessBase"]
[SourceQuality "1"]
[TimeControl "40/5400+30:1800+30"]

1. d4 e6 2. Nf3 f5 3. g3 Nf6 4. Bg2 Be7 5. O-O O-O 6. c4 d6 7. Nc3 Ne4 8. Qc2 Nxc3 9. bxc3 Nc6 $1 {[%emt 0:03:35] A96: Classical Dutch: Fluid Systems: Early deviations.} 10. d5 Na5 11. dxe6 c5 {[%emt 0:00:19] The position is equal. Repels Nd4} 12. Nd2 Bxe6 13. Bd5 Qd7 14. e3 $146 ({Predecessor:} 14. Qd3 Rae8 15. Rb1 Kh8 16. f4 Bd8 17. Re1 Bb6 18. e3 Qa4 19. Rb2 Bxd5 20. Qxd5 {0-1 Kanep,M (2388)-Del Rio de Angelis,S (2420) Valencia Cuna op 5th 2024 (6)}) 14... Kh8 15. Rb1 Rab8 16. Qd3 Bf6 17. Qc2 Rbe8 18. Rd1 Bxd5 19. cxd5 b5 20. c4 b4 21. Nb3 Nxb3 22. axb3 a5 23. Bb2 Ra8 24. Bxf6 Rxf6 25. Ra1 Ra7 26. Ra4 Rf8 27. Rda1 Rfa8 28. Kg2 Qf7 29. Qd3 Qf6 30. R1a2 h6 31. h4 Kg8 32. Ra1 Qe5 33. h5 Qf6 34. Rh1 Rf8 35. Rha1 Rfa8 36. Qc2 Qe5 37. Qd3 Qf6 38. Rh1 Rf8 39. Rh4 Qg5 40. Kf3 Re8 41. Kg2 (41. Qc2 {with more complications.} Rae7 42. Rh3 Qg4+ 43. Kg2) 41... Rf8 42. Qc2 Re8 43. Qb1 Rf8 44. Qd1 Qe7 45. Qa1 Rfa8 46. Rf4 Qg5 47. Qd1 Rf7 48. Qh1 Kf8 49. Qh4 Ke7 (49... Kg8 $11) 50. e4 (50. Qh3 $16) 50... Qxh4 $11 51. Rxh4 fxe4 (51... Kf6 $11) 52. Rxe4+ {[%emt 0:00:00][%mdl 4096] Endgame KRR-KRR} Kd7 (52... Kf8 $1 $14) 53. Rg4 (53. Re1 $16) 53... Kc7 (53... Ke8 $11 {remains equal.}) 54. Rg6 ({White should play} 54. f4 $1 $16) 54... Rd7 (54... Re7 $14) 55. Re6 $16 Kb6 56. f4 Rf8 57. Kf3 Rfd8 58. Ke4 Rf7 59. Ra1 Ka6 60. g4 Kb6 61. f5 Rf6 $2 (61... Rfd7 {is more resistant.} 62. Kf3 Ra7) 62. Re7 $1 $18 Rg8 63. Kd3 Rff8 64. Kc2 Ra8 65. Rd7 $2 (65. Rae1 $18 {is more deadly.}) 65... Rad8 $16 66. Re7 $2 {[%emt 0:00:00][%mdl 8192] White has more active pieces.} (66. Rxd8 $1 $16 Rxd8 67. Re1) 66... Ra8 $1 $18 67. Kb2 Rge8 {[%emt 0:00:43] [#]} (67... Rac8 $142 68. Rae1 Rc7 69. Rxc7 Kxc7 70. Re7+ Kd8) 68. Rae1 $1 (68. Rxg7 Re2+ 69. Kc1 Rae8 $19) 68... Rxe7 69. Rxe7 Ra7 {[%emt 0:00:19] [#]} 70. Rxa7 $1 Kxa7 {[%emt 0:00:09] [#]} 71. g5 $1 {[%mdl 512] Weighted Error Value: White=0.16 (very precise) /Black=0.16 (very precise)   Missed win:     	White=1     	---        Mistake:       	White=4     	Black=7      Inaccurate:     	White=5     	Black=4      OK:         	White=10    	Black=21     Best:        	White=2     	Black=2      Strong:       	White=3     	Black=1} 1-0

[Event "FIDE WSTC Open 50 2025"]
[Site "Prague"]
[Date "2025.02.25"]
[Round "8.16"]
[White "Wengholm, Anders"]
[Black "Wolf, Volker"]
[Result "1/2-1/2"]
[Annotator "TA"]
[ECO "E06"]
[WhiteElo "2132"]
[BlackElo "2206"]
[PlyCount "53"]
[EventDate "2025.02.17"]
[EventType "team-tourn"]
[EventCountry "CZE"]
[SourceTitle "playchess.com"]
[Source "ChessBase"]
[SourceQuality "1"]
[TimeControl "40/5400+30:1800+30"]

1. Nf3 Nf6 2. c4 e6 3. g3 d5 4. d4 Be7 5. Bg2 O-O 6. O-O c6 7. Nbd2 b6 8. Qc2 Bb7 9. e4 Na6 10. e5 Nd7 11. cxd5 {[%emt 0:00:09] [#] d6 is the strong threat. E06: Closed Catalan: Early deviations.} cxd5 12. a3 {[%emt 0:01:35] Inhibits Nb4.} Rc8 13. Qd1 {[%emt 0:03:58] White is slightly better.} Nab8 14. Re1 Ba6 15. Nf1 h6 $146 (15... Nc6 16. b4 Bc4 17. Ne3 b5 18. Nxc4 bxc4 19. Bd2 c3 20. Be3 a5 21. b5 Na7 {1-0 Niemann,H (2632)-Jumabayev,R (2583) Wch Blitz Almaty 2022 (14)}) 16. h4 Qc7 17. Ne3 {[%emt 0:02:07] Inhibits Qc2.} Rfe8 18. Bf1 Bxf1 {[%emt 0:03:42] The position is equal.} 19. Kxf1 Qb7 20. Kg2 Nc6 21. Qd3 b5 22. b3 Rc7 23. Bd2 Rec8 24. Ng4 Bf8 25. h5 Qb6 26. Ne3 Be7 27. Rec1 {[%emt 0:02:39] Weighted Error Value: White=0.04 (flawless) /Black=0.04 (flawless)   Inaccurate:     	White=1     	Black=2      OK:         	White=7     	Black=6} 1/2-1/2

[Event "FIDE WSTC Open 50 2025"]
[Site "Prague"]
[Date "2025.02.25"]
[Round "8.17"]
[White "Csiszar, Csaba"]
[Black "Wang, Pin"]
[Result "1/2-1/2"]
[Annotator "TA"]
[ECO "D02"]
[WhiteElo "2378"]
[BlackElo "2389"]
[PlyCount "19"]
[EventDate "2025.02.17"]
[EventType "team-tourn"]
[EventCountry "CZE"]
[SourceTitle "playchess.com"]
[Source "ChessBase"]
[SourceQuality "1"]
[TimeControl "40/5400+30:1800+30"]

1. d4 d5 2. Nf3 Nf6 3. Bf4 c5 4. e3 Nc6 5. Nbd2 Bg4 {[%emt 0:01:42] The position is equal.} 6. Bb5 {[%emt 0:01:07] D02: 1 d4 d5 2 Nf3 sidelines, including 2...Nf6 3 g3 and 2...Nf6 3 Bf4.} e6 7. c4 cxd4 8. exd4 Bxf3 9. Qxf3 $146 ({Predecessor:} 9. Nxf3 Bb4+ 10. Ke2 O-O 11. Qa4 Bd6 12. Bxd6 Qxd6 13. c5 Qc7 14. Rhc1 Ne7 15. Kf1 {0-1 Csiszar,C (2376)-Sjugirov,S (2651) HUN-ch Blitz 2024 (3)}) 9... Bb4 10. O-O {[%emt 0:16:19] An uneventful encounter.   Weighted Error Value: White=0.09 (flawless) /Black=0.04 (flawless)   OK:         	White=1     	Black=2} 1/2-1/2

[Event "FIDE WSTC Open 50 2025"]
[Site "Prague"]
[Date "2025.02.25"]
[Round "8.18"]
[White "Ning, Chunhong"]
[Black "Varga, Zoltan"]
[Result "1/2-1/2"]
[Annotator "TA"]
[ECO "D04"]
[WhiteElo "2257"]
[BlackElo "2301"]
[PlyCount "30"]
[EventDate "2025.02.17"]
[EventType "team-tourn"]
[EventCountry "CZE"]
[SourceTitle "playchess.com"]
[Source "ChessBase"]
[SourceQuality "1"]
[TimeControl "40/5400+30:1800+30"]

1. d4 d5 2. Nf3 Nf6 3. e3 g6 4. b3 Bg7 5. Bb2 O-O 6. Be2 c5 {[%emt 0:00:10] D04: Colle System.} 7. c3 (7. dxc5 {feels hotter.} Qa5+ 8. Nbd2 Ne4 9. Bxg7 Kxg7 10. c4) 7... Nc6 8. O-O Nd7 9. Nbd2 e5 10. Nxe5 $146 (10. dxe5 Ndxe5 11. Nxe5 Nxe5 12. Rc1 Bf5 13. Nf3 Nc6 14. Qd2 Qa5 15. a3 Rad8 16. b4 {1-0 Ferriz Barrios,A (2102)-Injac,T (2424) Titled Tuesday intern op 11th Jun Late blitz 2024 (4)}) 10... Ndxe5 11. dxe5 {[%emt 0:01:11] The position is equal.} Bxe5 12. Nf3 {[%emt 0:00:27] Strongly threatening Nxe5.} Bg7 13. Qd2 Be6 14. Rfd1 Qe7 15. Ba3 b6 {[%emt 0:06:42] A rather calm draw.   Weighted Error Value: White=0.06 (flawless) /Black=0.02 (flawless)   OK:         	White=3     	Black=4} 1/2-1/2

[Event "FIDE WSTC Open 50 2025"]
[Site "Prague"]
[Date "2025.02.25"]
[Round "8.19"]
[White "Horvath, Peter"]
[Black "Guo, Yun"]
[Result "1-0"]
[Annotator "TA"]
[ECO "A55"]
[WhiteElo "2354"]
[BlackElo "2213"]
[PlyCount "117"]
[EventDate "2025.02.17"]
[EventType "team-tourn"]
[EventCountry "CZE"]
[SourceTitle "playchess.com"]
[Source "ChessBase"]
[SourceQuality "1"]
[TimeControl "40/5400+30:1800+30"]

1. d4 d6 2. Nf3 Nd7 3. c4 e5 4. Nc3 Ngf6 5. e4 c6 6. Be2 Be7 7. O-O O-O 8. Qc2 a6 9. Rd1 Qc7 10. Be3 Re8 {[%emt 0:18:14] A55: Old Indian Defence with Nf3 and e4.} 11. Rac1 b6 12. a3 $146 ({Predecessor:} 12. d5 c5 13. Rb1 Rf8 14. a3 Ne8 15. b4 g6 16. Bh6 Ng7 17. Bd3 Nf6 18. h3 {1-0 Dydyshko,V (2564)-Tibensky,R (2431) SVK-chT 0708 2007 (5)}) 12... a5 {[%emt 0:05:52] White is slightly better.} 13. b4 axb4 14. axb4 Bb7 15. h3 Bf8 16. d5 c5 17. Rb1 Ba6 18. Nd2 Rec8 19. Rb3 Be7 20. Qb2 Bd8 21. Ra1 cxb4 22. Rxb4 {[%emt 0:01:17] Strong Rooks White (a1+b4)} Nc5 {[%emt 0:00:06] Space Advantage White Dodges Rba4} 23. Na4 {[%emt 0:07:30][%csl Ob6][%cal Ra4b6] White attacks a weakness} Rcb8 24. Nc3 (24. Rb1 $14 {is more appropriate.}) 24... h6 25. Rb1 Qe7 26. Qc2 Bc7 27. R4b2 Qd8 28. Rc1 Qe7 29. Ndb1 Bd8 30. Na3 Bc8 31. Nab5 Ra6 32. Na2 Rxa2 33. Rxa2 $18 Nfxe4 34. Bxc5 (34. Bf3 $18 Ng5 35. Bh5) 34... Nxc5 $16 35. Bg4 Bb7 36. Re1 g6 37. Qd2 Kh7 38. Ra7 f5 39. Bd1 Qf8 40. Bc2 Bg5 41. Qe2 Kh8 42. Nc3 Bf6 {[%emt 0:00:00] Black is weak on the light squares} (42... Ra8 $16 43. Rxa8 Qxa8) 43. Rb1 Bd8 (43... e4 $16) 44. Na4 $18 Nd7 {[%emt 0:00:00] [#]} 45. Qe3 (45. c5 $1 $18 {[%cal Rc5c6] Threatens to win with c6.} dxc5 46. Qb5) 45... Bc8 $2 {[%emt 0:00:00][%mdl 8192] [#]} (45... Kg8 $16 46. Bd3 e4) 46. f3 $2 (46. c5 $1) 46... Bg5 47. Qf2 $36 {[%emt 0:00:00][%cal Ra4b6][%mdl 2048] White is in control. White is much more active.} Bd8 48. Kh1 Qe8 (48... Kg8 $16 {keeps fighting.} 49. Qe2 Qe7) 49. Bd3 Kg8 50. Qe1 Bb7 51. c5 dxc5 (51... Nxc5 52. Nxc5 (52. Nxb6 Nxd3 53. Qe3 Nc5 $19) 52... dxc5) 52. Bb5 {[%emt 0:00:00] White is clearly winning.} Bc7 {[%emt 0:00:00] [#]} 53. d6 $1 Bd8 54. Bxd7 Qxd7 55. Nxb6 Qxd6 56. Nc4 Qd5 57. Qxe5 Qxe5 58. Nxe5 Bc7 59. Nd7 {[%emt 0:00:28] Weighted Error Value: White=0.22 (precise) /Black=0.41  Loses game:     	---       	Black=2      Mistake:       	White=4     	Black=4      Inaccurate:     	White=4     	Black=4      OK:         	White=12    	Black=11     Best:        	White=2     	---} ({Weaker is} 59. Raxb7 Rxb7 60. Rxb7 Bxe5 $18) 1-0

[Event "FIDE WSTC Open 50 2025"]
[Site "Prague"]
[Date "2025.02.25"]
[Round "8.20"]
[White "Liang, Zhihua"]
[Black "Krizsany, Laszlo"]
[Result "1/2-1/2"]
[Annotator "TA"]
[ECO "B00"]
[WhiteElo "2205"]
[BlackElo "2303"]
[PlyCount "37"]
[EventDate "2025.02.17"]
[EventType "team-tourn"]
[EventCountry "CZE"]
[SourceTitle "playchess.com"]
[Source "ChessBase"]
[SourceQuality "1"]
[TimeControl "40/5400+30:1800+30"]

1. e4 b6 2. d4 Bb7 3. Bd3 e6 4. Nf3 c5 5. c3 Nf6 6. Nbd2 d5 $1 {[%emt 0:01:06][%mdl 4] is recently more successful than 6...Nc6. B00: Queen's Fianchetto Defence, Nimzowitsch Defence.} 7. e5 Nfd7 8. O-O Be7 {[%emt 0:04:48] The position is equal.} 9. Re1 cxd4 (9... O-O $11 {keeps the balance.}) 10. cxd4 Ba6 11. Bb1 Nc6 12. Nf1 Rc8 13. Ng3 $146 (13. Ne3 Nf8 14. Bd2 Ng6 15. g3 Qd7 16. h4 Bb4 17. h5 Bxd2 18. Qxd2 Nge7 19. h6 gxh6 {1-0 Lima,D (2489)-Pinto,C (2078) Maceio op 2011 (3)}) 13... h5 14. h3 Rc7 15. Be3 g6 16. Ne2 Qc8 17. Nf4 Nf8 18. Nd3 Bb5 19. b3 {[%emt 0:06:01] Weighted Error Value: White=0.10 (very precise) /Black=0.13 (very precise)   Mistake:       	---       	Black=1      Inaccurate:     	White=1     	Black=2      OK:         	White=5     	Black=4} 1/2-1/2

[Event "FIDE WSTC Open 50 2025"]
[Site "Prague"]
[Date "2025.02.25"]
[Round "8.21"]
[White "Polak, Tomas"]
[Black "Bryson, Douglas M"]
[Result "1-0"]
[Annotator "TA"]
[ECO "D45"]
[WhiteElo "2463"]
[BlackElo "2295"]
[PlyCount "89"]
[EventDate "2025.02.17"]
[EventType "team-tourn"]
[EventCountry "CZE"]
[SourceTitle "playchess.com"]
[Source "ChessBase"]
[SourceQuality "1"]
[TimeControl "40/5400+30:1800+30"]

1. d4 d5 2. c4 e6 3. Nf3 Nf6 4. Nc3 c6 5. e3 Nbd7 6. Qc2 Bd6 7. g4 dxc4 8. Bxc4 e5 9. g5 {[%emt 0:00:14] D45: Semi-Slav: 5 e3.} Nd5 10. Ne4 Bb4+ 11. Bd2 {[%emt 0:01:04] White is slightly better.} Bxd2+ 12. Qxd2 (12. Kxd2 O-O 13. Qb3 (13. Nxe5 $2 Nxe5 14. Be2 Re8 $19) 13... exd4 14. Nxd4 Ne5 $17) 12... Qe7 13. O-O-O N7b6 14. Be2 (14. Nxe5 f6 (14... Nxc4 15. Nxc4 O-O 16. f3 $14) 15. gxf6 gxf6 16. Nxf6+ (16. Bxd5 cxd5 17. Qe2 O-O $19) 16... Qxf6 $17 (16... Nxf6 17. Bf7+ Kd8 18. Rhg1 $17)) 14... exd4 15. Qxd4 O-O 16. Rhg1 {[%emt 0:14:52] A sharp opening} Kh8 (16... Bf5 $11 17. Nf6+ Kh8) 17. h4 $146 (17. Qc5 Re8 18. Qxe7 Rxe7 19. Nd6) (17. Ne5 Be6 18. Nc5 Bf5 19. Bh5 f6 20. gxf6 Nxf6 21. Rg5 Nxh5 22. Rxh5 Rad8 23. Rxf5 Rxd4 24. Rxf8+ Qxf8 25. exd4 Qxf2 {0-1 Popovics,A (2434)-Horvath,C (2546) HUN-chT 0405 2004 (8)}) 17... Be6 18. h5 (18. Qc5 {simplifies} Nd7 19. Qxe7 Nxe7 20. Nd4) 18... Qb4 (18... f6 $14) 19. h6 {[%emt 0:02:15] White has a king side majority} Qxd4 20. Nxd4 {[%emt 0:00:11][%cal Og5g6] [#]} g6 21. Nc5 Bc8 22. Bf3 {[%emt 0:03:31] White has more active pieces.} Nc4 23. b3 $36 {[%emt 0:03:30][%mdl 2048] Black is under strong pressure.} Ne5 24. Bxd5 cxd5 25. Nd3 Nxd3+ 26. Rxd3 Bd7 27. Rc3 Kg8 (27... Rac8 $14 28. Rxc8 Rxc8+ 29. Kb2 Kg8) 28. Kd2 $18 Rac8 (28... Rfc8 $142 29. Rgc1 Kf8) 29. Rgc1 f6 {[%emt 0:01:05] [#]} 30. Rc7 ({Not} 30. Rxc8 Rxc8 31. Rg1 (31. gxf6 Rxc1 32. Kxc1 Kf7 $11) 31... Kf7 $16) 30... Bc6 31. Rg7+ Kh8 32. gxf6 Rxf6 33. f4 Rg8 34. Rc7 g5 35. Nxc6 bxc6 36. R1xc6 ({Don't play} 36. R7xc6 Rf5 37. fxg5 Rf2+ 38. Kd3 Rxa2 $18) 36... Rxc6 37. Rxc6 gxf4 38. exf4 {[%emt 0:00:27][%mdl 4096] Endgame KR-KR. White is a pawn up.} Rg2+ (38... Rf8 $142 39. Rd6 Kg8) 39. Kd3 Kg8 40. Ra6 Rg4 41. Rxa7 Rg6 42. b4 Rxh6 43. b5 {[%emt 0:00:00] Hoping for Kd4.} Rf6 44. a4 {[%emt 0:00:00][%cal Ba2a4,Ba4a5][%mdl 32] a5 would kill now.} h5 45. a5 {[%emt 0:00:00] Weighted Error Value: White=0.13 (very precise) /Black=0.55  Mistake:       	---       	Black=5      Inaccurate:     	White=3     	Black=3      OK:         	White=11    	Black=10     Best:        	White=3     	Black=3} 1-0

[Event "FIDE WSTC Open 50 2025"]
[Site "Prague"]
[Date "2025.02.25"]
[Round "8.22"]
[White "Burnett, Andrew"]
[Black "Obsivac, Josef"]
[Result "1-0"]
[Annotator "TA"]
[ECO "E73"]
[WhiteElo "2147"]
[BlackElo "2262"]
[PlyCount "163"]
[EventDate "2025.02.17"]
[EventType "team-tourn"]
[EventCountry "CZE"]
[SourceTitle "playchess.com"]
[Source "ChessBase"]
[SourceQuality "1"]
[TimeControl "40/5400+30:1800+30"]

1. d4 Nf6 2. c4 g6 3. Nc3 Bg7 4. e4 d6 5. Be2 O-O 6. Be3 e5 7. d5 Na6 8. h4 Nc5 {[%emt 0:00:45] E73: King's Indian: Averbakh Variation without 6...c5.} 9. Qc2 c6 10. h5 cxd5 {[%emt 0:00:59] The position is equal.} 11. cxd5 Qa5 12. h6 Bh8 13. f3 Nh5 (13... Bd7 $5) 14. Rb1 Ng3 15. b4 Qd8 {[%emt 0:00:06] [#] A sharp opening} 16. bxc5 Nxh1 $11 17. c6 $132 {[%emt 0:00:14][%mdl 2048] White is fighting back} bxc6 18. dxc6 Qh4+ $146 ({Predecessor:} 18... Be6 19. Ba6 Bf6 20. Bb7 Bh4+ 21. Kd1 Bg5 22. Bxg5 Qxg5 23. Qd2 Qd8 24. Bxa8 Qxa8 {1-0 Sieciechowicz,M (2406)-Vortmeier,J (2244) Krakow op 2024 (1)}) 19. Kd2 (19. Kd1 $11) 19... Ng3 (19... Bf6 $1 $17 20. Nb5 Bg5) 20. Bc4 (20. Nd5 $11) 20... Bf6 (20... Nf5 $15) 21. Nd5 (21. Qd3 $1 $14) 21... Bg5 22. Nc7 {[%emt 0:10:36] Repels Be6} (22. Ne2 $1 $11) 22... d5 23. Bxd5 Bxe3+ (23... Nf5 $1 $15 24. Bxg5 (24. Nxa8 $2 Nxe3 25. Bxf7+ Rxf7 $19) 24... Qxg5+ 25. f4 Qxf4+ (25... exf4 26. Nxa8 f3+ 27. Kc3 $14) (25... Qxg2+ 26. Kc3 $18) 26. Ke1 Ne3) 24. Kxe3 Qxh6+ (24... Nf5+ $5 25. exf5 Bxf5 $11) 25. Kd3 {[%emt 0:01:39][%cal Og1e2] Active counter play!} Qg5 26. Qc5 $1 {[%emt 0:08:32][%csl Od5][%cal Od3c3] Strong Square White (d5) Really sharp!} (26. Nxa8 Ba6+ 27. Kc3 Qe3+ 28. Kb4 Qd4+ (28... Rxa8 $2 29. Ka5 $18) (28... Bd3 29. Qc3 $16) 29. Ka5 Bd3 $19) 26... Nh5 27. Nxa8 $18 Ba6+ 28. Kc3 Rxa8 29. Qf2 $2 (29. Rd1 $18) 29... Qe7 $1 $15 30. Rb3 (30. Ne2 $17) 30... Nf4 $19 31. g3 (31. Nh3 $142 Nxd5+ 32. exd5) 31... Ne6 (31... Nxd5+ $1 $19 {and Black stays clearly on top.} 32. exd5 Rd8) 32. Bxe6 Qxe6 ({Better is} 32... fxe6 $17 33. Kc2 Qd6) 33. Qc5 $11 {[%emt 0:03:37] Successful Defense White} Rd8 (33... Rc8 $5 34. c7 $8 f6 $11) 34. c7 Rd4 (34... Rd3+ $11 {and Black has nothing to worry.} 35. Kb2 Rd2+ 36. Kc1 Rd4 (36... Rxa2 37. Rb8+ Kg7 38. Qf8+ Kf6 39. Qd8+ Kg7 40. Qf8+ Kf6 41. Qd8+ Kg7 42. Qf8+ $11) 37. Rb8+ (37. Qxa7 Qc6+ 38. Kb2 Rd2+ 39. Ka3 Qd6+ 40. Rb4 Rd3+ 41. Kb2 Qxb4+ 42. Kc2 Rd2+ 43. Kc1 Qb2#) 37... Bc8) 35. Rb8+ $18 (35. Qxa7 Qc6+ (35... Qc4+ $2 36. Kb2 $19) 36. Kb2 Rd2+ 37. Ka3 Qd6+ 38. Rb4 Rd3+ 39. Kb2 Qxb4+ 40. Kc2 Rd2+ 41. Kc1 Qb2#) 35... Bc8 $2 (35... Kg7 {was worth a try.} 36. Qf8+ (36. c8=B $2 Rc4+ 37. Kb3 Qf6 $19) (36. c8=Q Rd3+ 37. Kb2 Bxc8 $16) 36... Kf6) 36. Ne2 (36. Qxa7 Qc4+ 37. Kb2 Rd2+ 38. Ka1 Qc3+ 39. Kb1 Rd1#) 36... Ra4 37. a3 {[%emt 0:01:19] Black is weak on the dark squares} Ra6 38. Kb2 $2 (38. Kd2 $1 $18 {has better winning chances.}) 38... Kg7 $16 {[%emt 0:01:00] [#]} 39. Nc3 (39. Rxc8 $1 $16 {[%cal Oc8g8] Threatens to win with Rg8+!.} Qxc8 40. Kc1 (40. Qxe5+ Kg8 $11)) 39... Rc6 $11 40. Qxa7 Qc4 41. Qa5 Rc5 42. Qb4 Rxc7 43. Qxc4 Rxc4 {[%emt 0:00:02][%mdl 4096] Endgame KRB-KRN} 44. Nd5 Be6 45. Nb6 (45. Rb4 $11 Rc5 46. Ne3) 45... Rd4 $17 46. Kc3 (46. Kc2 $142) 46... Rd1 47. a4 {[%emt 0:00:16] [#]} Ra1 (47... Rf1 48. Nd5 Rxf3+ 49. Kb2 Rxg3 50. a5 Rg2+ 51. Ka3) (47... h5 $1 $17 {Hoping for ...Rg1.} 48. a5 Rb1 (48... Rf1 49. Nd5 $15)) 48. Kb4 $11 Bh3 49. Re8 Bg2 50. Rxe5 Bxf3 51. a5 h5 52. Na4 Be2 53. Nc3 Bf1 54. Rd5 Kf6 55. Rd2 Kg5 56. Rf2 f5 57. exf5 gxf5 58. Rf4 Ba6 59. Rd4 Bf1 60. Rd8 Kg4 61. Rg8+ Kf3 62. Rg5 Bd3 63. Nd5 Rg1 64. Nf4 Be4 65. Nxh5 Rb1+ 66. Kc5 Rc1+ 67. Kb6 Rb1+ 68. Ka6 Bd3+ 69. Ka7 Ra1 70. Kb6 Rb1+ 71. Kc5 Ra1 72. Kb4 Rb1+ 73. Kc3 Be4 74. Rg6 Rb5 75. a6 Rc5+ (75... f4 $11 {remains equal.} 76. Rh6 (76. Nxf4 Bxg6 77. Nxg6 Ra5 $17) 76... fxg3 77. Rf6+ Kg4) 76. Kb4 $16 Rc6 $2 {[%emt 0:00:32][%mdl 8192] This costs Black the game.} (76... Rc7 $16) 77. Rxc6 $18 Bxc6 78. Ng7 Kxg3 79. Nxf5+ {[%emt 0:00:04] White mates.} Kf4 80. Kc5 Ba8 81. Nd6 Ke5 82. Nb7 {[%emt 0:00:14] Weighted Error Value: White=0.34/Black=0.29 (precise)   Loses game:     	---       	Black=2      Missed win:     	White=1     	---        Mistake:       	White=11    	Black=9      Inaccurate:     	White=2     	Black=2      OK:         	White=23    	Black=35     Best:        	White=6     	Black=4      Strong:       	White=1     	Black=1} 1-0

[Event "FIDE WSTC Open 50 2025"]
[Site "Prague"]
[Date "2025.02.25"]
[Round "8.23"]
[White "Holemar, David"]
[Black "Minnican, Alan"]
[Result "1/2-1/2"]
[Annotator "TA"]
[ECO "D96"]
[WhiteElo "2150"]
[BlackElo "2039"]
[PlyCount "30"]
[EventDate "2025.02.17"]
[EventType "team-tourn"]
[EventCountry "CZE"]
[SourceTitle "playchess.com"]
[Source "ChessBase"]
[SourceQuality "1"]
[TimeControl "40/5400+30:1800+30"]

1. d4 d5 2. Nf3 Nf6 3. c4 c6 4. Nc3 g6 5. g3 Bg7 6. Bg2 O-O 7. O-O Ne4 8. Qb3 Nxc3 9. bxc3 dxc4 10. Qxc4 Nd7 11. Bf4 {[%emt 0:07:41] D78: Fianchetto Grünfeld: 6 0-0 c6.} Qa5 {[%emt 0:03:30] The position is equal.} 12. Nd2 $146 (12. e4 Nb6 13. Qd3 Be6 14. Rfc1 Rad8 15. Qe3 Bg4 16. Nd2 Qa3 17. Bc7 Rd7 18. Bxb6 axb6 {½-½ Salemgareev,T (2262)-Drygalov,S (2372) Urals-ch 74th 2016 (5)}) 12... Nb6 13. Qd3 Nd5 14. Rfc1 Nxf4 15. gxf4 Qf5 {[%emt 0:00:46] An uneventful encounter.   Weighted Error Value: White=0.13 (very precise) /Black=0.07 (flawless)   OK:         	White=2     	Black=2} 1/2-1/2